PCL
VANCOUVER VIPERS @ CALGARY COWBOYS
09/23/2026
 
TOP OF THE 1ST
Vancouver Vipers batting - Pitching for Calgary Cowboys : RHP Esteban Castro
Pitching: RHP Esteban Castro
Batting: LHB Tanyu Imai 0-0: Foul Ball, location: 2F
0-1: Ball
1-1: Foul Ball, location: 2F
1-2: Ball
2-2: Ball
3-2: Ground out U3 (Groundball, 3S)
Batting: RHB Miguel Palácios 0-0: Ball
1-0: Called Strike
1-1: Foul Ball, location: 2F
1-2: Foul Ball, location: 2F
1-2: Foul Ball, location: 2F
1-2: Foul Ball, location: 2F
1-2: Ball
2-2: Ball
3-2: Foul Ball, location: 2F
3-2: Base on Balls
Batting: RHB Sergio Pujols 0-0: Ball
1-0: SINGLE (Line Drive, 4MD)
Miguel Palácios to second
Batting: LHB Dave Gray 0-0: Ball
1-0: Called Strike
1-1: SINGLE (Groundball, 6)
Miguel Palácios to third
Sergio Pujols to second
Batting: RHB Steve Bender 0-0: Called Strike
0-1: Ball
1-1: Fly out, F3 (Popup, 3DF)
Batting: RHB Lorenzo González 0-0: Ground out 4-3 (Groundball, 4)
Top of the 1st over - 0 run(s), 2 hit(s), 0 error(s), 3 left on base; Vancouver 0 - Calgary 0
BOTTOM OF THE 1ST
Calgary Cowboys batting - Pitching for Vancouver Vipers : LHP Greg Taylor
Pitching: LHP Greg Taylor
Batting: RHB Luis Peña 0-0: Ball
1-0: Called Strike
1-1: Swinging Strike
1-2: Fly out, F7 (Flyball, 78M)
Batting: RHB Shayne Burry 0-0: Called Strike
0-1: Ball
1-1: Ball
2-1: Called Strike
2-2: Fly out, F7 (Flyball, 7M)
Batting: RHB Clark Hodge 0-0: Ball
1-0: Called Strike
1-1: Ball
2-1: Hit by Pitch
Batting: LHB Miguel Pérez 0-0: Ball
1-0: Ball
2-0: Called Strike
Clark Hodge is caught stealing 2nd base
Bottom of the 1st over - 0 run(s), 0 hit(s), 0 error(s), 0 left on base; Vancouver 0 - Calgary 0
TOP OF THE 2ND
Vancouver Vipers batting - Pitching for Calgary Cowboys : RHP Esteban Castro
Batting: LHB Larry Howard 0-0: SINGLE (Groundball, 34D)
Batting: RHB Bill Little 0-0: Called Strike
0-1: Ball
1-1: Foul Ball, location: 2F
1-2: Foul Ball, location: 2F
1-2: Ball
2-2: Foul Ball, location: 2F
2-2: Foul Ball, location: 2F
2-2: Ball
3-2: Base on Balls
Larry Howard to second
Batting: RHB Oscar Rudd 0-0: Called Strike
0-1: Ball
1-1: Ball
2-1: Hit by Pitch
Larry Howard to third
Bill Little to second
Batting: LHB Tanyu Imai 0-0: Ball
1-0: Ball
2-0: Fielders Choice at 2nd, 6-4 (Groundball, 6M)
Larry Howard scores
Bill Little to third
Batting: RHB Miguel Palácios 0-0: Ball
1-0: Ball
2-0: Foul Ball, location: 2F
2-1: Foul Ball, location: 2F
2-2: Ball
3-2: Strikes out swinging
Batting: RHB Sergio Pujols 0-0: Ball
1-0: Called Strike
1-1: Swinging Strike
1-2: Ground out 4-3 (Groundball, 4)
Top of the 2nd over - 1 run(s), 1 hit(s), 0 error(s), 2 left on base; Vancouver 1 - Calgary 0
BOTTOM OF THE 2ND
Calgary Cowboys batting - Pitching for Vancouver Vipers : LHP Greg Taylor
Batting: LHB Miguel Pérez 0-0: Fly out, F9 (Flyball, 9M)
Batting: RHB Ramón Martínez 0-0: Ball
1-0: Foul Ball, location: 2F
1-1: Ball
2-1: SINGLE (Flyball, 8LS)
Batting: RHB Dan Wyatt 0-0: SINGLE (Groundball, 56D)
Ramón Martínez to second
Batting: LHB Freddy Herrera 0-0: Foul Ball, location: 2F
0-1: Ball
1-1: Ball
2-1: Fielders Choice at 2nd, 4-6 (Groundball, 4)
Ramón Martínez to third
Batting: RHB Jesús Hernández 0-0: Ball
1-0: Foul Ball, location: 2F
1-1: DOUBLE (Line Drive, 9LS)
Ramón Martínez scores
Freddy Herrera to third
Batting: RHB Iain Liefting 0-0: Called Strike
0-1: Ball
1-1: Ball
2-1: Ball
3-1: Called Strike
3-2: Base on Balls
Batting: RHB Luis Peña 0-0: Called Strike
0-1: Ball
1-1: Called Strike
1-2: Foul Ball, location: 2F
1-2: Fly out, F6 (Line Drive, 6)
Bottom of the 2nd over - 1 run(s), 3 hit(s), 0 error(s), 3 left on base; Vancouver 1 - Calgary 1
TOP OF THE 3RD
Vancouver Vipers batting - Pitching for Calgary Cowboys : RHP Esteban Castro
Batting: LHB Dave Gray 0-0: Ball
1-0: Called Strike
1-1: Foul Ball, location: 2F
1-2: Fly out, F8 (Flyball, 8LM)
Batting: RHB Steve Bender 0-0: Swinging Strike
0-1: Ground out 6-3 (Groundball, 6M)
Batting: RHB Lorenzo González 0-0: Swinging Strike
0-1: Foul Ball, location: 2F
0-2: Foul Ball, location: 2F
0-2: Fly out, F9 (Flyball, 89XD)
Top of the 3rd over - 0 run(s), 0 hit(s), 0 error(s), 0 left on base; Vancouver 1 - Calgary 1
BOTTOM OF THE 3RD
Calgary Cowboys batting - Pitching for Vancouver Vipers : LHP Greg Taylor
Batting: RHB Shayne Burry 0-0: Ball
1-0: Called Strike
1-1: Fly out, F5 (Line Drive, 5)
Batting: RHB Clark Hodge 0-0: Ball
1-0: Foul Ball, location: 2F
1-1: Called Strike
1-2: Ball
2-2: Foul Ball, location: 2F
2-2: Strikes out looking
Batting: LHB Miguel Pérez 0-0: Fly out, F8 (Flyball, 8LXD)
Bottom of the 3rd over - 0 run(s), 0 hit(s), 0 error(s), 0 left on base; Vancouver 1 - Calgary 1
TOP OF THE 4TH
Vancouver Vipers batting - Pitching for Calgary Cowboys : RHP Esteban Castro
Batting: LHB Larry Howard 0-0: Fly out, F6 (Popup, 6D)
Batting: RHB Bill Little 0-0: Ball
1-0: Called Strike
1-1: Ball
2-1: SINGLE (Groundball, 6MD)
Batting: RHB Oscar Rudd 0-0: Called Strike
0-1: Fly out, F7 (Flyball, 7LM)
Batting: LHB Tanyu Imai 0-0: Called Strike
0-1: Called Strike
0-2: Ground out 4-3 (Groundball, 4)
Top of the 4th over - 0 run(s), 1 hit(s), 0 error(s), 1 left on base; Vancouver 1 - Calgary 1
BOTTOM OF THE 4TH
Calgary Cowboys batting - Pitching for Vancouver Vipers : LHP Greg Taylor
Batting: RHB Ramón Martínez 0-0: Swinging Strike
0-1: Fly out, F9 (Flyball, 89M)
Batting: RHB Dan Wyatt 0-0: Foul Ball, location: 2F
0-1: DOUBLE (Line Drive, 7LS)
Batting: LHB Freddy Herrera 0-0: Called Strike
0-1: Ball
1-1: Foul Ball, location: 2F
1-2: Strikes out swinging
Batting: RHB Jesús Hernández 0-0: Hit by Pitch
Batting: RHB Iain Liefting 0-0: Ball
1-0: Foul Ball, location: 2F
1-1: Ball
2-1: Ground out 5-3 (Groundball, 5S)
Bottom of the 4th over - 0 run(s), 1 hit(s), 0 error(s), 2 left on base; Vancouver 1 - Calgary 1
TOP OF THE 5TH
Vancouver Vipers batting - Pitching for Calgary Cowboys : RHP Esteban Castro
Batting: RHB Miguel Palácios 0-0: Ball
1-0: Ball
2-0: SINGLE (Line Drive, 56)
Batting: RHB Sergio Pujols 0-0: Called Strike
0-1: Called Strike
0-2: Ball
1-2: Foul Ball, location: 2F
1-2: Foul Ball, location: 2F
1-2: Foul Ball, location: 2F
1-2: Strikes out swinging
Miguel Palácios steals 2nd base
Batter strikes out.
Batting: LHB Dave Gray 0-0: Ball
1-0: DOUBLE (Line Drive, 9LS)
Miguel Palácios scores
Batting: RHB Steve Bender 0-0: Foul Ball, location: 2F
0-1: Foul Ball, location: 2F
0-2: Fly out, F3 (Popup, 3DF)
Batting: RHB Lorenzo González 0-0: Foul Ball, location: 2F
0-1: Ball
1-1: Called Strike
1-2: Ball
2-2: Ball
3-2: SINGLE (Groundball, 6MD)
Dave Gray to third
Dave Gray scores
Batting: LHB Larry Howard 0-0: Ball
1-0: Foul Ball, location: 2F
1-1: Called Strike
1-2: Ball
2-2: TRIPLE (Line Drive, 89M)
Lorenzo González scores
Batting: RHB Bill Little 0-0: Ball
1-0: Fly out, F4 (Line Drive, 4)
Top of the 5th over - 3 run(s), 4 hit(s), 0 error(s), 1 left on base; Vancouver 4 - Calgary 1
BOTTOM OF THE 5TH
Calgary Cowboys batting - Pitching for Vancouver Vipers : LHP Greg Taylor
Batting: RHB Luis Peña 0-0: Ground out 6-3 (Groundball, 6)
Batting: RHB Shayne Burry 0-0: Called Strike
0-1: Ball
1-1: Ball
2-1: DOUBLE (Line Drive, 8LM)
Batting: RHB Clark Hodge 0-0: Ball
1-0: 2-RUN HOME RUN (Line Drive, 7LD), Distance : 372 ft
Batting: LHB Miguel Pérez 0-0: Fly out, F6 (Popup, 6D)
Batting: RHB Ramón Martínez 0-0: Called Strike
0-1: Foul Ball, location: 2F
0-2: Ball
1-2: Ball
2-2: Foul Ball, location: 2F
2-2: Ball
3-2: Foul Ball, location: 2F
3-2: Base on Balls
Batting: RHB Dan Wyatt 0-0: Ball
1-0: Swinging Strike
1-1: Foul Ball, location: 2F
1-2: Ball
2-2: Ball
3-2: Base on Balls
Ramón Martínez to second
Batting: LHB Freddy Herrera 0-0: Ball
1-0: Ground out 4-3 (Groundball, 4)
Bottom of the 5th over - 2 run(s), 2 hit(s), 0 error(s), 2 left on base; Vancouver 4 - Calgary 3
TOP OF THE 6TH
Vancouver Vipers batting - Pitching for Calgary Cowboys : RHP Esteban Castro
Pitching: RHP Lorenzo Montáñez
Batting: RHB Oscar Rudd 0-0: Called Strike
0-1: Ball
1-1: Ball
2-1: Called Strike
2-2: Ball
3-2: Foul Ball, location: 2F
3-2: Foul Ball, location: 2F
3-2: Strikes out swinging
Batting: LHB Tanyu Imai 0-0: Foul Ball, location: 2F
0-1: Foul Ball, location: 2F
0-2: Strikes out swinging
Batting: RHB Miguel Palácios 0-0: Fly out, F9 (Line Drive, 9S)
Top of the 6th over - 0 run(s), 0 hit(s), 0 error(s), 0 left on base; Vancouver 4 - Calgary 3
BOTTOM OF THE 6TH
Calgary Cowboys batting - Pitching for Vancouver Vipers : LHP Greg Taylor
Pitching: RHP Vincent Cox
Batting: RHB Jesús Hernández 0-0: Ball
1-0: Called Strike
1-1: Swinging Strike
1-2: Ball
2-2: Ball
3-2: Strikes out looking
Batting: RHB Iain Liefting 0-0: Ground out 6-3 (Groundball, 6)
Batting: RHB Luis Peña 0-0: Ball
1-0: Ball
2-0: Swinging Strike
2-1: Called Strike
2-2: Strikes out swinging, 2-3 out at first.
Bottom of the 6th over - 0 run(s), 0 hit(s), 0 error(s), 0 left on base; Vancouver 4 - Calgary 3
TOP OF THE 7TH
Vancouver Vipers batting - Pitching for Calgary Cowboys : RHP Lorenzo Montáñez
Batting: RHB Sergio Pujols 0-0: Called Strike
0-1: Ground out 5-3 (Groundball, 56S)
Batting: LHB Dave Gray 0-0: Called Strike
0-1: Ball
1-1: Foul Ball, location: 2F
1-2: Ground out 1-3 (Groundball, 13)
Batting: RHB Steve Bender 0-0: Ball
1-0: Called Strike
1-1: Ground out 3-1 (Groundball, 34)
Top of the 7th over - 0 run(s), 0 hit(s), 0 error(s), 0 left on base; Vancouver 4 - Calgary 3
BOTTOM OF THE 7TH
Calgary Cowboys batting - Pitching for Vancouver Vipers : RHP Vincent Cox
Batting: RHB Shayne Burry 0-0: Foul Ball, location: 2F
0-1: Ball
1-1: Swinging Strike
1-2: Strikes out looking
Batting: RHB Clark Hodge 0-0: Ball
1-0: Ground out 6-3 (Groundball, 6M)
Batting: LHB Miguel Pérez 0-0: Ball
1-0: Ball
2-0: Called Strike
2-1: Foul Ball, location: 2F
2-2: Foul Ball, location: 2F
2-2: DOUBLE (Popup, 6MD)
Batting: RHB Ramón Martínez 0-0: Ball
1-0: Ground out 5-3 (Groundball, 5L)
Bottom of the 7th over - 0 run(s), 1 hit(s), 0 error(s), 1 left on base; Vancouver 4 - Calgary 3
TOP OF THE 8TH
Vancouver Vipers batting - Pitching for Calgary Cowboys : RHP Lorenzo Montáñez
Pitching: RHP Mitsunari Jouda
Batting: RHB Lorenzo González 0-0: Ball
1-0: Foul Ball, location: 2F
1-1: Ball
2-1: Ball
3-1: Foul Ball, location: 2F
3-2: Base on Balls
Batting: LHB Larry Howard 0-0: Ball
1-0: Called Strike
1-1: Ball
2-1: Ball
3-1: Foul Ball, location: 2F
3-2: Fly out, F7 (Flyball, 7LD)
Batting: RHB Bill Little 0-0: Ball
1-0: Swinging Strike
1-1: Foul Ball, location: 2F
1-2: Hit by Pitch
Lorenzo González to second
Pinch Hitting: LHB Mike Williams 0-0: Ball
1-0: Ball
2-0: Called Strike
2-1: Foul Ball, location: 2F
2-2: SINGLE (Groundball, 4M)
Lorenzo González to third
Bill Little to second
Batting: LHB Tanyu Imai 0-0: Foul Ball, location: 2F
0-1: Ball
1-1: Ball
2-1: Ball
3-1: Swinging Strike
3-2: Base on Balls
Lorenzo González scores
Bill Little to third
Mike Williams to second
Batting: RHB Miguel Palácios 0-0: Ball
Wild Pitch!
Bill Little scores
Mike Williams to third
Tanyu Imai to second
1-0: Foul Ball, location: 2F
1-1: Ground out 6-3 (Groundball, 6)
Batting: RHB Sergio Pujols 0-0: Foul Ball, location: 2F
0-1: Fly out, F8 (Flyball, 8LD)
Top of the 8th over - 2 run(s), 1 hit(s), 0 error(s), 2 left on base; Vancouver 6 - Calgary 3
BOTTOM OF THE 8TH
Calgary Cowboys batting - Pitching for Vancouver Vipers : RHP Vincent Cox
Pitching: RHP Pedro Días
Now in CF: Mike Williams
Batting: RHB Dan Wyatt 0-0: Ball
1-0: Foul Ball, location: 2F
1-1: Foul Ball, location: 2F
1-2: Ball
2-2: Fly out, F8 (Line Drive, 8LD)
Batting: LHB Freddy Herrera 0-0: Called Strike
0-1: Swinging Strike
0-2: Ball
1-2: Foul Ball, location: 2F
1-2: Foul Ball, location: 2F
1-2: Strikes out swinging
Batting: RHB Jesús Hernández 0-0: Ball
1-0: Called Strike
1-1: Called Strike
1-2: Foul Ball, location: 2F
1-2: Strikes out swinging
Bottom of the 8th over - 0 run(s), 0 hit(s), 0 error(s), 0 left on base; Vancouver 6 - Calgary 3
TOP OF THE 9TH
Vancouver Vipers batting - Pitching for Calgary Cowboys : RHP Mitsunari Jouda
Batting: LHB Dave Gray 0-0: Ball
1-0: Foul Ball, location: 2F
1-1: Fly out, F7 (Flyball, 7LMF)
Batting: RHB Steve Bender 0-0: Ball
1-0: Swinging Strike
1-1: Ground out 5-3 (Groundball, 5L)
Pitching: RHP Glen Brewer
Batting: RHB Lorenzo González 0-0: Ball
1-0: Swinging Strike
1-1: Fly out, F7 (Flyball, 7M)
Top of the 9th over - 0 run(s), 0 hit(s), 0 error(s), 0 left on base; Vancouver 6 - Calgary 3
BOTTOM OF THE 9TH
Calgary Cowboys batting - Pitching for Vancouver Vipers : RHP Pedro Días
Pitching: LHP Ron Cummins
Batting: RHB Iain Liefting 0-0: Ball
1-0: Called Strike
1-1: Called Strike
1-2: Strikes out swinging
Batting: RHB Luis Peña 0-0: Ball
1-0: Ball
2-0: Ball
3-0: Called Strike
3-1: Reached on error, E6 (Groundball, 6)
Batting: RHB Shayne Burry 0-0: Ball
1-0: Ball
2-0: Called Strike
2-1: Ball
3-1: Base on Balls
Luis Peña to second
Batting: RHB Clark Hodge 0-0: Ball
1-0: Ball
2-0: Foul Ball, location: 2F
2-1: Ground out 5-3 (Groundball, 5S)
Luis Peña to third
Shayne Burry to second
Pinch Hitting: RHB Mario Sánchez 0-0: Fly out, F9 (Flyball, 9S)
Bottom of the 9th over - 0 run(s), 0 hit(s), 1 error(s), 2 left on base; Vancouver 6 - Calgary 3
Monday, December 5th, 2016 - OOTP Baseball 17.12 Build 75